 Dungeon Crawl Stone Soup version 0.21-a0-140-g479285b (webtiles) character file.

46 Gorglomux the Digger (level 3, -2/30 HPs)
             Began as a Centaur Earth Elementalist on July 19, 2017.
             Slain by a quokka (3 damage)
             ... on level 2 of the Dungeon.
             The game lasted 00:02:07 (1383 turns).

Gorglomux the Digger (Centaur Earth Elementalist)   Turns: 1383, Time: 00:02:07

Health: -2/30      AC:  4    Str: 11    XL:     3   Next: 46%
Magic:  3/5        EV:  9    Int: 18    God:
Gold:   23         SH:  0    Dex:  9    Spells: 1/5 levels left

rFire    . . .     SeeInvis .   o - -3 short sword (curse)
rCold    + . .     Gourm    .   (no shield)
rNeg     . . .     Faith    .   q - +0 robe
rPois    .         Spirit   .   (no helmet)
rElec    .         Reflect  .   (no cloak)
rCorr    .         Harm     .   (no gloves)
MR       .....                  (no barding)
Stlth    +.........             (no amulet)
HPRegen  0.10/turn              m - +4 ring of intelligence
MPRegen  0.09/turn              c - ring of protection from cold

@: very quick
A: hooves 3, deformed body, speed 2, tough skin 3
a: no special abilities


You were on level 2 of the Dungeon.
You were not hungry.

You visited 1 branch of the dungeon, and saw 2 of its levels.

You collected 23 gold pieces.

Inventory:

Hand Weapons
 k - a +0 dagger
 o - a cursed -3 short sword (weapon)
Missiles
 b - 28 stones (quivered)
 g - 26 arrows
Armour
 h - a +0 chain mail
 q - a +0 robe (worn)
Jewellery
 c - a ring of protection from cold (right hand)
 m - a +4 ring of intelligence (left hand)
Potions
 j - 2 potions of heal wounds
 l - a potion of might {unknown}
 p - a potion of brilliance {unknown}
Books
 e - a book of Geomancy

   Spells                             Type                      Level
   a - Sandblast                      Earth                        1
   b - Passwall                       Transmutation/Earth          2
   c - Stone Arrow                    Conjuration/Earth            3
   d - Petrify                        Transmutation/Earth          4
   e - Lee's Rapid Deconstruction     Earth                        5
Comestibles
 d - 2 bread rations


   Skills:
 - Level 2.4 Fighting
 - Level 1.3 Dodging
 - Level 1.1 Stealth
 - Level 1.5 Spellcasting
 + Level 0.5 Conjurations
   Level 0.8 Transmutations
 + Level 3.1 Earth Magic


You had one spell level left.
You knew the following spells:

 Your Spells              Type           Power        Failure   Level  Hunger
a - Sandblast             Erth           ##....       5%          1    ##.....
b - Stone Arrow           Conj/Erth      #.....       26%         3    ####...


Dungeon Overview and Level Annotations

Branches:
Dungeon (2/15)

Altars:


Innate Abilities, Weirdness & Mutations

You have hooves in place of feet.
Armour fits poorly on your strangely shaped body.
You cover ground very quickly.
You have extremely tough skin. (AC +3)


Message History

You closely miss the jackal!
The jackal is almost dead!
The jackal misses you!
The jackal bites you but does no damage!
The quokka bites you! The jackal butt-ly misses you!
You are too injured to fight recklessly!!!
You skewer the jackal but do no damage!
The jackal is almost dead!
The jackal bites you! The quokka bites you! * * * don't die
* * * The jackal bites you but does no damage!
The jackal barely butts butt!
You closely miss the jackal!
The jackal is butt dead!
The quokka butts you! * * * don't die
* * * The jackal bites you! * * * don'butt die
* * * The jackal barely misses you!
The quokka bites you! rip

#### ...#########
##.#h......#
#..@h.†..#
##.#r##...... # ###
###.# ##.#. . ..#
###.####.. #. #.#
#.........#
##.##.####.....##...
...............#
###..#.##.....#
#.####..#.##.....#


You could see a quokka and 2 jackals.

Vanquished Creatures
  2 oozes
  A dart slug (D:2)
  2 leopard geckos (D:1)
  2 giant cockroaches
  6 goblins (D:1)
  6 hobgoblins
  3 bats (D:1)
  2 frilled lizards
  4 kobolds
  3 rats
31 creatures vanquished.

Notes
Turn   | Place    | Note
-------+----------+-------------------------------------------
     0 | D:1      | Gorglomux the Centaur Earth Elementalist began the quest for the Orb.
     0 | D:1      | Reached XP level 1. HP: 14/14 MP: 3/3
   206 | D:1      | Reached skill level 1 in Fighting
   308 | D:1      | Reached XP level 2. HP: 20/23 MP: 4/4
   948 | D:1      | Reached XP level 3. HP: 30/30 MP: 3/5
  1101 | D:1      | Learned a level 3 spell: Stone Arrow
  1155 | D:2      | Reached skill level 3 in Earth Magic
  1383 | D:2      | HP: 1/30 [jackal (3)]
  1383 | D:2      | Slain by a quokka

Vault maps used:
D:1:      dpeg_arrival_houses_and_road, hangedman_decor_lopped,
          minmay_tree_intersection
D:2:      grunt_qazlal_sundering, minmay_pentomino_x4

Skill      XL: |  1  2  3 |
---------------+----------+-----
Fighting       | 1 2 |  2.4
Earth Magic    | 3 |  3.1
Dodging        | |  1.3
Stealth        | |  1.1
Spellcasting   | |  1.5
Conjurations   | |  0.5
Transmutations | |  0.8

Action                   || total
-------------------------++-------
Melee: Dagger            ||    49
       Kick              ||     9
       Unarmed           ||     1
       Short sword       ||    25
 Cast: Sandblast         ||    21
       Stone Arrow       ||     2
  Use: Scroll            ||     2
  Eat: Chunk             ||     2
Armor: Robe              ||    31
Dodge: Dodged            ||    46
